 Dungeon Crawl Stone Soup version 0.24-a0-504-gcfb02b9d07 (webtiles) character file.

Game seed: 16958799131737700241

2710 Killmatronix the Quickloader (level 9, -5/57 HPs)
             Began as a Kobold Hunter on July 17, 2019.
             Was a Believer of Trog.
             Slain by an orc warrior
             ... wielding a +0 trident
              (9 damage)
             ... in a bailey.
             The game lasted 00:31:46 (7446 turns).

Killmatronix the Quickloader (Kobold Hunter)        Turns: 7446, Time: 00:31:46

Health: -5/57      AC: 10    Str: 12    XL:     9   Next: 98%
Magic:  9/9        EV: 16    Int:  9    God:    Trog [**....]
Gold:   397        SH:  0    Dex: 24    Spells: 8/8 levels left

rFire    . . .     SeeInvis .   b - +1 short sword (speed)
rCold    . . .     Gourm    .   (shield restricted)
rNeg     . . .     Faith    .   B - +4 ring mail "Toilabli" {*Corrode Int-3 Dex+8}
rPois    .         Spirit   .   (no helmet)
rElec    .         Reflect  .   (no cloak)
rCorr    .         Harm     .   l - +0 pair of gloves
MR       .....                  (no boots)
Stlth    ++........             (no amulet)
HPRegen  0.19/turn              (no ring)
MPRegen  0.11/turn              (no ring)

@: berserk cooldown, slowed, very slow
A: small, carnivore
a: Berserk, Trog's Hand, Renounce Religion


You were in a bailey.
You worshipped Trog.
Trog was pleased with you.
You were very full.

You visited 1 branch of the dungeon, and saw 7 of its levels.
You also visited: Ossuary and Bailey.

You collected 397 gold pieces.

Inventory:

Hand Weapons
 a - a +1 hand crossbow
 b - a +1 short sword of speed (weapon)
 e - a cursed +0 whip
 n - a cursed -1 hand axe
Missiles
 j - a throwing net (quivered)
Armour
 l - a +0 pair of gloves (worn)
 q - a +2 scale mail of cold resistance
 u - a +2 scale mail of poison resistance
 B - the +4 ring mail "Toilabli" (worn) {*Corrode Int-3 Dex+8}
   (You found it on level 6 of the Dungeon)

   It affects your intelligence (-3).
   It affects your dexterity (+8).
   It may corrode you when you take damage.
 I - a +4 scale mail
Wands
 o - a wand of polymorph (10)
 p - a wand of flame (17)
 r - a wand of enslavement (8)
 v - a wand of paralysis (11)
 y - a wand of random effects (16)
Scrolls
 g - 4 scrolls of teleportation
 s - a scroll of blinking {unknown}
 A - a scroll of remove curse
 E - a scroll of acquirement {unknown}
 H - a scroll of immolation {unknown}
Potions
 c - a potion of invisibility {unknown}
 h - a potion of lignification {unknown}
 i - 3 potions of berserk rage
 k - 6 potions of haste
 m - a potion of resistance {unknown}
 t - 7 potions of curing
 w - 2 potions of might
 x - 2 potions of cancellation
 z - a potion of magic {unknown}
 C - a potion of mutation {unknown}
 D - a potion of agility {unknown}
 F - 2 potions of flight
Comestibles
 f - 10 rations
 G - 4 chunks of flesh


   Skills:
 + Level 7.1 Fighting
 * Level 9.1 Short Blades
 - Level 10.0 Crossbows
 + Level 2.6 Armour
 + Level 4.7 Dodging
 - Level 1.3 Stealth


You had 8 spell levels left.
You didn't know any spells.
Your spell library was empty.

Dungeon Overview and Level Annotations

Branches:
Dungeon (7/15)             Temple (0/1) D:6

Altars:
Cheibriados
Hepliaklqana
Makhleb
Nemelex Xobeh
Qazlal
Ru
Trog
Uskayaw
Xom

Annotations:
D:5 Come back here after digging


Innate Abilities, Weirdness & Mutations

You are small and have problems with some larger weapons.
You are carnivorous and can eat meat at any time.


Message History

You hit the orc warrior but do no damage.
The orc warrior is heavily wounded.
You closely miss the orc warrior.
The orc warrior is heavily wounded.
The orc warrior barely misses you.
You hit the orc warrior.
The orc warrior is heavily wounded.
You hit the orc warrior but do no damage.
The orc warrior is heavily wounded.
The orc warrior hits you with a +0 trident!
* * * LOW HITPOINT WARNING * * *
You hit the orc warrior.
The orc warrior is severely wounded.
The orc warrior closely misses you.
You hit the orc warrior but do no damage.
The orc warrior is severely wounded.
You barely miss the orc warrior.
The orc warrior is severely wounded.
The orc warrior hits you with a +0 trident!
You die...

#≈..##.≈.≈≈.....≈≈.≈.##..≈#
#≈.)⌠#.≈≈.≈≈≈.≈≈≈.≈≈.#⌠..≈#
#≈..)#..≈≈..≈.≈).≈≈).#..)≈#
#≈...#.⌠.≈≈≈...≈≈≈.⌠.#...≈#
#≈...##....≈≈≈≈≈))..##...≈#
#≈....#####.....#####....≈#
##.......⌠#######⌠)......##
##...............))....##
##......@o...........##
#########'''#########
##≈≈≈≈≈≈≈#...#≈≈≈≈≈≈≈
##≈≈≈≈≈≈≈≈#...#≈≈≈≈≈≈≈
#≈≈≈≈≈≈≈≈.#)..#(≈≈≈≈≈≈
≈≈≈≈≈≈≈..≈#..(#≈..≈≈≈≈
≈≈≈≈≈..≈≈≈....(≈≈≈((≈≈
≈≈≈≈o≈≈≈.......(.≈≈≈.≈
≈≈≈≈.≈..(..≈≈≈.(...≈.≈


You could see an orc warrior.

Vanquished Creatures
  Prince Ribbit (D:5)
  Sigmund (D:3)
  Menkaure (D:4)
  Edmund (D:5)
  7 orc warriors (Bailey)
  2 ice beasts
  A black bear (D:6)
  An ogre (D:5)
  3 centaurs
  A crocodile (D:7)
  3 scorpions
  A crimson imp (D:6)
  A jelly (D:6)
  A human zombie (Ossuary)
  3 orc wizards
  Terence (D:2)
  An iguana (D:4)
  Ijyb (D:5)
  4 worker ants
  A big kobold zombie (Ossuary)
  A hound skeleton (D:7)
  2 mummies (Ossuary)
  4 adders
  4 gnolls (D:4)
  3 shadow imps
  An adder zombie (D:7)
  A worm (D:3)
  3 dart slugs
  6 leopard geckos
  34 orcs
  6 bats
  3 giant cockroaches
  2 gnoll zombies (Ossuary)
  9 goblins
  6 hobgoblins
  6 jackals
  8 kobolds
  2 quokkas
  A ball python skeleton (D:4)
  8 frilled lizards
  2 hobgoblin zombies (Ossuary)
  2 kobold zombies (Ossuary)
  A leopard gecko zombie (D:5)
  2 rats (D:3)
153 creatures vanquished.

Notes
Turn   | Place    | Note
-------+----------+-------------------------------------------
     0 | D:1      | Killmatronix the Kobold Hunter began the quest for the Orb.
     0 | D:1      | Reached XP level 1. HP: 12/12 MP: 1/1
   116 | D:1      | Reached skill level 5 in Crossbows
   230 | D:1      | Reached XP level 2. HP: 18/18 MP: 2/2
   415 | D:1      | Reached skill level 1 in Short Blades
   842 | D:1      | Reached XP level 3. HP: 18/22 MP: 3/3
  1498 | D:2      | Reached XP level 4. HP: 27/27 MP: 4/4
  1790 | D:2      | Noticed Terence
  1815 | D:2      | Killed Terence
  1815 | D:2      | Reached skill level 6 in Crossbows
  2219 | D:3      | Reached XP level 5. HP: 32/32 MP: 5/5
  2526 | D:3      | Noticed Sigmund
  2568 | D:3      | Found a bloodstained altar of Trog.
  2576 | D:3      | Became a worshipper of Trog the Wrathful
  2651 | D:3      | Killed Sigmund
  2651 | D:3      | Reached skill level 7 in Crossbows
  2651 | D:3      | Reached XP level 6. HP: 26/38 MP: 6/6
  3317 | D:4      | Reached XP level 7. HP: 29/43 MP: 7/7
  3802 | D:4      | Noticed Menkaure
  3808 | D:4      | Killed Menkaure
  3808 | D:4      | Reached skill level 8 in Crossbows
  4227 | D:5      | Entered Level 5 of the Dungeon
  4291 | D:5      | Noticed Edmund
  4304 | D:5      | Killed Edmund
  4304 | D:5      | Reached skill level 5 in Short Blades
  4462 | D:5      | Reached XP level 8. HP: 42/48 MP: 8/8
  4478 | D:5      | Found a sparkling altar of Nemelex Xobeh.
  4522 | D:5      | Reached skill level 5 in Fighting
  4734 | D:5      | Noticed Ijyb
  4736 | D:5      | Noticed Prince Ribbit
  4742 | D:5      | Killed Ijyb
  4742 | D:5      | Reached * piety under Trog
  4751 | D:5      | Killed Prince Ribbit
  4751 | D:5      | Reached skill level 9 in Crossbows
  5402 | D:6      | Found a staircase to the Ecumenical Temple.
  5418 | D:6      | Reached skill level 10 in Crossbows
  5553 | D:5      | Reached XP level 9. HP: 49/55 MP: 9/9
  5691 | D:6      | Found a hazy altar of Hepliaklqana.
  5694 | D:6      | Found a stormy altar of Qazlal.
  5698 | D:6      | Found a snail-covered altar of Cheibriados.
  5698 | D:6      | Found a burning altar of Makhleb.
  5698 | D:6      | Found a sacrificial altar of Ru.
  5699 | D:6      | Found a bloodstained altar of Trog.
  5703 | D:6      | Found a hide-covered altar of Uskayaw.
  6056 | D:6      | Got a shimmering ring mail
  6067 | D:6      | Identified the +4 ring mail "Toilabli" {*Corrode Int-3
                  | Dex+8} (You found it on level 6 of the Dungeon)
  6160 | D:7      | Reached skill level 1 in Armour
  6165 | D:7      | Found a flagged portal.
  6221 | D:7      | Found a shimmering altar of Xom.
  6281 | D:7      | Found a sand-covered staircase.
  6286 | Ossuary  | Entered an ossuary
  6510 | Ossuary  | Reached ** piety under Trog
  6589 | Bailey   | Entered a bailey
  7446 | Bailey   | Slain by an orc warrior

Levels and vault maps discovered:
D:1:      dpeg_arrival_water_temple_mockup, layout_basic, grunt_decor_one_mirror
D:2:      layout_rooms, minmay_pentomino_v2, uniq_terence
D:3:      layout_basic, serial_corexii_hall, corexii_hall_statues_t,
          corexii_hall_statues_l, first_ration, trog_book, uniq_sigmund
D:4:      layout_basic, minmay_stone_trees_medium, kennysheep_small_square,
          uniq_menkaure
D:5:      layout_loops_ring, nemelex_xobeh_ov_fountains_minmay,
          due_unseen_surprise, uniq_ijyb, uniq_edmund, uniq_prince_ribbit1
D:6:      layout_cave_pools, minitemple, temple_fountains,
          ebering_dispersal_statue_hall
D:7:      minmay_angry_zag, layout_layer_cave, lemuel_crystal_altar,
          nicolae_ossuary_entry_false_entrances, enter_bailey_2,
          uniq_crazy_yiuf_cottage
Bailey:   bailey_polearm_flooded_kennysheep, bailey

Skill      XL: |  1  2  3  4  5  6  7  8  9 |
---------------+----------------------------+-----
Crossbows      | 5 6 7 8 10 | 10.0
Short Blades   | 1 2 3 4 5 6 9 |  9.1
Fighting       | 3 4 6 7 |  7.1
Armour         | 2 |  2.6
Dodging        | 4 |  4.7
Stealth        | |  1.3

Action                   |  1- 3 |  4- 6 |  7- 9 || total
-------------------------+-------+-------+-------++-------
Melee: Short sword       |   136 |    87 |   354 ||   577
 Fire: Hand crossbow     |    17 |    54 |   203 ||   274
Throw: Throwing net      |       |       |     2 ||     2
Invok: Berserk           |       |       |     1 ||     1
       Trog's Hand       |       |       |     1 ||     1
  Use: Scroll            |     1 |     7 |     7 ||    15
 Stab: Held in net/web   |       |       |     2 ||     2
  Eat: Chunk             |    10 |     6 |    13 ||    29
Armor: Ring mail         |    48 |       |    28 ||    76
       Scale mail        |    21 |    40 |    68 ||   129
Dodge: Dodged            |   116 |    47 |   208 ||   371

Table legend:
 A = Non-vault XP
 B = Vault XP
 C = Vault XP percentage of total XP
 D = Non-vault monster count
 E = Vault monster count
 F = Vault count percentage of total count
                 A         B        C        D         E       F
            +---------+---------+-------+---------+---------+-------
      Total |    1594 |    2278 |  58.8 |     105 |      48 |  31.4
            +---------+---------+-------+---------+---------+-------
        D:1 |      32 |       0 |   0.0 |      16 |       0 |   0.0
        D:2 |      45 |      39 |  46.4 |      20 |       2 |   9.1
        D:3 |      40 |     227 |  85.0 |      13 |       1 |   7.1
        D:4 |     220 |     212 |  49.1 |      17 |       3 |  15.0
        D:5 |     382 |     480 |  55.7 |      19 |       3 |  13.6
        D:6 |     496 |       0 |   0.0 |      14 |       0 |   0.0
        D:7 |     379 |       0 |   0.0 |       6 |       0 |   0.0
    Ossuary |       0 |     111 | 100.0 |       0 |      10 | 100.0
     Bailey |       0 |    1209 | 100.0 |       0 |      29 | 100.0
            +---------+---------+-------+---------+---------+-------
